 Dungeon Crawl Stone Soup version 0.22-a0-247-gbddf880 (webtiles) character file.

76484 Patate the Warrior (level 15, -2/149 HPs)
             Began as a Hill Orc Fighter on Feb 23, 2018.
             Was the Champion of Makhleb.
             Slain by a bone dragon (17 damage)
             ... on level 3 of the Abyss on Feb 27, 2018.
             The game lasted 01:21:29 (27386 turns).

Patate the Warrior (Hill Orc Fighter)              Turns: 27386, Time: 01:21:31

Health: -2/149     AC: 23    Str: 26    XL:     15   Next: 53%
Magic:  21/21      EV:  7    Int: 10    God:    Makhleb [******]
Gold:   1620       SH:  0    Dex: 13    Spells: 14/14 levels left

rFire    + . .     SeeInvis .   I - +9 halberd "Teclat" {flame, rC+ Int+2 Dex+3}
rCold    + . .     Gourm    .   (shield currently unavailable)
rNeg     . . .     Faith    .   G - +1 plate armour {rPois}
rPois    +         Spirit   .   L - +1 helmet
rElec    .         Reflect  .   b - +0 cloak
rCorr    .         Harm     .   A - +0 pair of gloves
MR       ++...                  t - +0 pair of boots
Stlth    ..........             (no amulet)
HPRegen  0.00/turn              y - ring of protection from fire
MPRegen  0.17/turn              M - ring of protection from magic

@: non-regenerating, mildly diseased
A: no striking features
a: Minor Destruction, Lesser Servant of Makhleb, Major Destruction, Greater
Servant of Makhleb, Renounce Religion


You were on level 3 of the Abyss.
You worshipped Makhleb.
Makhleb was exalted by your worship.
You were not hungry.

You visited 4 branches of the dungeon, and saw 24 of its levels.
You visited the Abyss 1 time.
You also visited: Sewer.

You collected 1620 gold pieces.

Inventory:

Hand Weapons
 E - a +0 flail
 H - a +0 battleaxe of chopping
 I - the +9 halberd "Teclat" (weapon) {flame, rC+ Int+2 Dex+3}
   (You found it on level 2 of the Lair of Beasts)

   It has been specially enchanted to burn those struck by it, causing extra
   injury to most foes and up to half again as much damage against particularly
   susceptible opponents.
   Big, fiery blades are also staple armaments of hydra-hunters.
   It affects your intelligence (+2).
   It affects your dexterity (+3).
   It protects you from cold.
Missiles
 h - 8 javelins
 j - 36 tomahawks
 O - 3 tomahawks of dispersal (quivered)
Armour
 b - a +0 cloak (worn)
 t - a +0 pair of boots (worn)
 A - a +0 pair of gloves (worn)
 G - a +1 plate armour of poison resistance (worn)
 L - a +1 helmet (worn)
Jewellery
 e - an uncursed ring of resist corrosion
 o - an uncursed ring of positive energy
 y - a ring of protection from fire (left hand)
 J - a cursed -3 ring of protection {unknown}
 M - a ring of protection from magic (right hand)
Wands
 a - a wand of polymorph (16)
 n - a wand of flame (104)
 s - a wand of clouds (6)
 u - a wand of digging (61)
 v - a wand of acid (10)
 z - a wand of enslavement (23)
 D - a wand of paralysis (9)
Scrolls
 d - 6 scrolls of teleportation
 i - 7 scrolls of magic mapping
 l - 3 scrolls of fear
 q - a scroll of blinking
 r - 2 scrolls of enchant weapon
 C - 5 scrolls of remove curse
 F - 2 scrolls of identify
 P - a scroll of summoning {unknown}
Potions
 c - 2 potions of resistance
 g - 3 potions of flight
 k - 2 potions of cancellation
 m - 2 potions of ambrosia
 p - 2 potions of mutation
 x - 2 potions of agility
 B - 4 potions of might
 K - 3 potions of heal wounds
 N - a potion of brilliance
Comestibles
 f - 33 rations


   Skills:
 + Level 18.1 Fighting
 - Level 16.7(19.0) Axes
 - Level 13.6(16.0) Polearms
 * Level 11.4 Armour
   Level 3.2 Shields
 - Level 9.0 Invocations


You had 14 spell levels left.
You didn't know any spells.

Dungeon Overview and Level Annotations

Branches:
Dungeon (15/15)            Temple (1/1) D:6            Lair (6/6) D:10
 Shoals (0/4) Lair:4       Spider (0/4) Lair:3        Slime (0/5) Lair:5
    Orc (2/2) D:12            Elf (0/3) Orc:2        Vaults (0/5) D:14
 Depths: D:15

Altars:
Ashenzari
Cheibriados
Dithmenos
Elyvilon
Fedhas
Gozag
Hepliaklqana
Kikubaaqudgha
Makhleb
Nemelex Xobeh
Okawaru
Qazlal
Ru
Sif Muna
Trog
Uskayaw
Vehumet
Wu Jian
Xom
Yredelemnul
Zin
The Shining One
Beogh

Shops:
D:7 %   D:13 }

Portals:
Trove: D:11 (give 5 potions of resistance)

Annotations:
Orc:2 Rupert


Message History

The bone dragon tramples you.
You stumble backwards!
You slash the bone dragon!
The bone dragon is moderately damaged.
You puncture the bone dragon!
The bone dragon is moderately damaged.
The bone dragon bites you!
* * * LOW HITPOINT WARNING * * *
The bone dragon claws you!
* * * LOW HITPOINT WARNING * * *
The bone dragon tramples you but does no damage.
You slash the bone dragon! You burn the bone dragon.
The bone dragon is heavily damaged.
The bone dragon bites you!
* * * LOW HITPOINT WARNING * * *
The bone dragon claws you but does no damage.
The bone dragon tramples you but does no damage.
You slash the bone dragon!
The bone dragon is heavily damaged.
The bone dragon bites you!
You die...

†##.## # # # .
D# ....##.# #
† ##..###
.#.##..# ..#
####.##...#
()#.#...h#..
## ##
#....*v### .
......###h#.##
####.# ##D#.#
#.# ##@#
#...#..# #.#..
##..# #...
#... ###. #.
.. ##


You could see a bone dragon, a wretched star, 2 raiju and an insubstantial wisp.

Vanquished Creatures
  Frances (D:13)
  A tentacled starspawn (Abyss:3)
  A starcursed mass (Abyss:3)
  A yaktaur captain (D:14)
  Fannar (Lair:1)
  8 hydras
  2 catoblepae
  3 centaur warriors
  Erica (D:8)
  6 death yaks
  5 two-headed ogres
  A deep troll shaman (Lair:6)
  Urug (Orc:1)
  2 thrashing horrors (Abyss:3)
  An orc knight (D:12)
  5 ugly things
  A deep elf mage (D:11)
  2 orc sorcerers (D:12)
  A worldbinder (Abyss:3)
  A cyclops (D:11)
  14 elephants
  4 large abominations (Abyss:3)
  A centaur zombie (D:14)
  A guardian serpent (D:13)
  2 black mambas (Lair:6)
  A smoke demon (Abyss:3)
  A torpor snail (Lair:4)
  12 spiny frogs
  3 centaur skeletons
  A kobold demonologist (Abyss:3)
  3 rime drakes
  An ancient zyme (Abyss:3)
  2 yaktaurs (D:14)
  A tormentor (Abyss:3)
  4 komodo dragons
  8 trolls
  A harpy zombie (D:14)
  A hornet (D:13)
  The ghost of p0werm0de the Skirmisher, an amateur DsHu of Wu Jian (D:6)
  A polar bear (Lair:6)
  Grinder (D:3)
  10 raiju (Abyss:3)
  9 blink frogs
  6 hippogriffs
  7 slime creatures
  A centaur simulacrum (D:14)
  A ynoxinul (Abyss:3)
  Sigmund (D:3)
  A spriggan (D:10)
  A wyvern (D:14)
  3 basilisks
  Grum (D:8)
  A basilisk (shapeshifter) (D:15)
  A neqoxec (Abyss:3)
  38 yaks
  12 vampire mosquitoes
  2 insubstantial wisps (Lair:6)
  A steam dragon (D:7)
  A warg (Orc:1)
  20 water moccasins
  Purgy (Sewer)
  11 porcupines
  16 orc warriors
  An ice beast (D:14)
  4 black bears
  3 sky beasts
  A phantom (D:5)
  2 necrophages
  8 wolves
  9 ogres
  2 small abominations (Abyss:3)
  11 centaurs
  12 crocodiles
  3 big kobolds
  18 bullfrogs
  A water moccasin zombie (D:5)
  3 scorpions
  A wyvern skeleton (D:7)
  6 killer bees (D:7)
  5 wights (D:7)
  2 electric eels
  3 howler monkeys (D:9)
  5 crimson imps
  2 jellies
  7 orc priests
  A bullfrog zombie (D:13)
  A gnoll shaman (D:6)
  3 hounds
  21 orc wizards
  6 iguanas
  An iron imp (Abyss:3)
  4 bullfrog skeletons
  8 worker ants
  Terence (D:2)
  A hound skeleton (D:11)
  2 worker ant zombies
  14 adders
  4 gnolls (D:6)
  3 shadow imps
  2 oozes
  An adder skeleton (D:6)
  4 worms
  4 dart slugs
  7 leopard geckos
  82 orcs
  4 giant cockroaches
  9 goblins
  5 hobgoblins
  8 jackals
  6 quokkas
  A ball python (D:3)
  12 bats
  9 frilled lizards
  26 kobolds
  A leopard gecko skeleton (D:4)
  A leopard gecko zombie (D:8)
  A quokka zombie (D:6)
  11 rats
  A rat zombie (D:6)
  A fungus (D:10)
  2 plants (Lair:6)
631 creatures vanquished.

Vanquished Creatures (collateral kills)
  Nessos (D:12)
  A manticore (D:15)
  A hippogriff (D:12)
  A vampire mosquito (Lair:6)
  2 insubstantial wisps (Lair:6)
  A water moccasin (Lair:6)
  A centaur (D:15)
  A big kobold (D:13)
  A scorpion (D:12)
  3 orcs (D:12)
  2 kobolds (D:13)
15 creatures vanquished.

Vanquished Creatures (others)
  A death yak (Lair:6)
  A hippogriff (D:9)
  A sky beast (D:13)
  5 fungi
  3 plants
  2 starspawn tentacles (Abyss:3)
13 creatures vanquished.

Grand Total: 659 creatures vanquished

Notes
Turn   | Place    | Note
-------+----------+-------------------------------------------
     0 | D:1      | Patate the Hill Orc Fighter began the quest for the Orb.
     0 | D:1      | Reached XP level 1. HP: 19/19 MP: 1/1
     2 | D:1      | Noticed a formicid
     2 | D:1      | Noticed a vine stalker
     4 | D:1      | Noticed an ogre
     6 | D:1      | Noticed a vampire
     6 | D:1      | Noticed a naga
     8 | D:1      | Noticed a draconian
     8 | D:1      | Noticed a troll
    10 | D:1      | Noticed a gargoyle
    10 | D:1      | Noticed a ghoul
    12 | D:1      | Noticed a spriggan
    12 | D:1      | Noticed a minotaur
    14 | D:1      | Noticed a dwarf
    14 | D:1      | Noticed a demigod
    16 | D:1      | Noticed a halfling
    16 | D:1      | Noticed a centaur
    18 | D:1      | Noticed an octopode
    18 | D:1      | Noticed a tengu
    20 | D:1      | Noticed a merfolk
    20 | D:1      | Noticed a human
    22 | D:1      | Noticed a demonspawn
    26 | D:1      | Noticed an elf
    26 | D:1      | Noticed a felid
    71 | D:1      | Reached XP level 2. HP: 21/27 MP: 2/2
   186 | D:1      | Reached skill level 4 in Fighting
   274 | D:1      | Reached XP level 3. HP: 33/33 MP: 3/3
   677 | D:2      | Noticed Terence
   689 | D:2      | Killed Terence
   689 | D:2      | Reached skill level 5 in Axes
   689 | D:2      | Reached XP level 4. HP: 11/41 MP: 4/4
  1133 | D:2      | Noticed Sigmund
  1273 | D:3      | Found a white marble altar of Elyvilon.
  1277 | D:3      | Found a hazy altar of Hepliaklqana.
  1355 | D:3      | Found a sacrificial altar of Ru.
  1372 | D:3      | Reached XP level 5. HP: 43/47 MP: 5/5
  1419 | D:3      | Reached skill level 5 in Fighting
  1436 | D:3      | Noticed Grinder
  1462 | D:3      | Paralysed by Grinder for 7 turns
  1481 | D:3      | Killed Grinder
  1481 | D:3      | Reached XP level 6. HP: 28/57 MP: 6/6
  2097 | D:4      | Reached skill level 6 in Fighting
  2111 | D:4      | Reached XP level 7. HP: 40/63 MP: 7/7
  2609 | D:3      | Killed Sigmund
  3495 | D:5      | Entered Level 5 of the Dungeon
  3511 | D:5      | Reached skill level 7 in Fighting
  3511 | D:5      | Reached XP level 8. HP: 69/73 MP: 8/8
  3871 | D:5      | Reached skill level 10 in Axes
  4144 | D:5      | Found a glowing drain.
  4157 | Sewer    | Entered a sewer
  4207 | Sewer    | Noticed Purgy
  4218 | Sewer    | Killed Purgy
  4708 | D:6      | Found an iron altar of Okawaru.
  5014 | D:6      | Reached skill level 8 in Fighting
  5294 | D:6      | Noticed p0werm0de's ghost (amateur DsHu)
  5321 | D:6      | Killed p0werm0de's ghost
  5321 | D:6      | Reached XP level 9. HP: 44/82 MP: 9/9
  5669 | D:6      | Found a glowing silver altar of Zin.
  5746 | D:6      | Found a staircase to the Ecumenical Temple.
  5756 | Temple   | Entered the Ecumenical Temple
  5980 | Temple   | Became a worshipper of Makhleb the Destroyer
  6631 | D:7      | Noticed a red ugly thing
  6650 | D:7      | Killed a red ugly thing
  6650 | D:7      | Reached skill level 9 in Fighting
  6650 | D:7      | Reached skill level 5 in Armour
  7133 | D:7      | Found Zeshrycs's Food Emporium.
  7241 | D:7      | HP: 3/83 [steam dragon (3)]
  7241 | D:7      | HP: 1/83 [steam dragon (2)]
  7666 | D:7      | Found an ornate altar of the Wu Jian Council.
  7832 | D:7      | Reached XP level 10. HP: 63/91 MP: 10/10
  8297 | D:8      | Noticed Erica
  8318 | D:8      | Killed Erica
  8318 | D:8      | Reached skill level 10 in Fighting
  8606 | D:8      | Reached * piety under Makhleb
  8785 | D:8      | Noticed Grum
  8807 | D:8      | Killed Grum
  9603 | D:8      | Found a snail-covered altar of Cheibriados.
 10060 | D:9      | Reached skill level 15 in Axes
 10510 | D:9      | Reached ** piety under Makhleb
 10704 | D:10     | Entered Level 10 of the Dungeon
 10827 | D:10     | Reached XP level 11. HP: 100/101 MP: 11/11
 10958 | D:10     | Reached skill level 11 in Fighting
 11602 | D:10     | Found a staircase to the Lair.
 11715 | D:11     | Noticed a purple ugly thing
 11734 | D:10     | Killed a purple ugly thing
 11877 | D:11     | Reached *** piety under Makhleb
 11886 | D:11     | Noticed a green ugly thing
 11895 | D:11     | Killed a green ugly thing
 11910 | D:11     | Noticed a deep elf mage
 11923 | D:11     | Killed a deep elf mage
 12069 | Lair:1   | Entered Level 1 of the Lair of Beasts
 12077 | Lair:1   | Reached skill level 12 in Fighting
 13278 | Lair:1   | Noticed Fannar
 13299 | Lair:1   | Killed Fannar
 13299 | Lair:1   | Reached skill level 13 in Fighting
 13711 | Lair:2   | Reached XP level 12. HP: 87/115 MP: 12/12
 14540 | Lair:2   | Got a twisted halberd
 14557 | Lair:2   | Identified the +9 halberd "Teclat" {flame, rC+ Int+2 Dex+3} (You found it on level 2 of the Lair of Beasts)
 14612 | Lair:2   | Noticed a six-headed hydra
 15051 | Lair:2   | Killed a six-headed hydra
 15145 | Lair:2   | Noticed a catoblepas
 15165 | Lair:2   | Killed a catoblepas
 15165 | Lair:2   | Reached skill level 14 in Fighting
 15507 | Lair:2   | Reached skill level 10 in Armour
 15813 | Lair:2   | Reached skill level 1 in Polearms
 16022 | Lair:3   | Reached skill level 1 in Invocations
 16184 | Lair:3   | Found a hole to the Spider Nest.
 16212 | Lair:3   | Reached **** piety under Makhleb
 17035 | Lair:4   | Reached skill level 5 in Polearms
 17135 | Lair:4   | Noticed a death yak
 17156 | Lair:4   | Killed a death yak
 17156 | Lair:4   | Reached XP level 13. HP: 56/125 MP: 16/16
 17468 | Lair:4   | Reached skill level 15 in Fighting
 17468 | Lair:4   | Reached skill level 5 in Invocations
 17843 | Lair:4   | Found a staircase to the Shoals.
 18157 | Lair:5   | Found a staircase to the Slime Pits.
 19307 | Lair:6   | Entered Level 6 of the Lair of Beasts
 19434 | Lair:6   | Reached ***** piety under Makhleb
 20586 | Lair:6   | Reached skill level 10 in Polearms
 20586 | Lair:6   | Reached XP level 14. HP: 136/136 MP: 20/20
 20646 | Lair:6   | Reached skill level 16 in Fighting
 22010 | D:11     | Found a stormy altar of Qazlal.
 22379 | D:11     | Found a portal to a secret trove of treasure.
 22649 | D:12     | Noticed Nessos
 22665 | D:12     | Killed Nessos
 23441 | D:12     | Found a staircase to the Orcish Mines.
 23450 | Orc:1    | Entered Level 1 of the Orcish Mines
 23450 | Orc:1    | Found a roughly hewn altar of Beogh.
 23457 | Orc:1    | Noticed Urug
 24338 | D:13     | Found Ughid's Gadget Boutique.
 24408 | D:13     | Noticed Frances
 24421 | D:13     | Killed Frances
 24978 | D:14     | Reached skill level 17 in Fighting
 25348 | D:14     | Reached XP level 15. HP: 147/147 MP: 21/21
 25888 | D:14     | Found a gate to the Vaults.
 26150 | D:15     | Entered Level 15 of the Dungeon
 26570 | Orc:1    | Killed Urug
 26586 | Orc:1    | Reached ****** piety under Makhleb
 26843 | Orc:2    | Entered Level 2 of the Orcish Mines
 26843 | Orc:2    | Found a staircase to the Elven Halls.
 26843 | Orc:2    | Noticed Rupert
 26923 | Orc:2    | Cast into level 3 of the Abyss (Rupert)
 27070 | Abyss:3  | Noticed a tentacled starspawn
 27078 | Abyss:3  | Killed a tentacled starspawn
 27313 | Abyss:3  | Reached skill level 18 in Fighting
 27363 | Abyss:3  | Noticed a bone dragon
 27386 | Abyss:3  | Slain by a bone dragon

Vault maps used:
D:1:      kb_arrival_jail
D:2:      minmay_small_reverse_x, uniq_terence, uniq_sigmund
D:3:      nicolae_ru_great_annihilating_truth, minitemple, uniq_grinder
D:4:      first_ration
D:5:      gup_sewer_entry_pipe, roderic_filled_cross
D:6:      okawaru_gym_becter, lemuel_doored_altar,
          minmay_temple_entry_butterflies, enter_ossuary_4,
          serial_co_window_serial, co_window_paths_a,
          co_window_of_opportunity_a, co_window_corner_a, co_window_paths_b,
          co_window_paths_a, co_window_paths_a, co_window_of_opportunity_a,
          co_window_unsneaky_path_b, co_window_broadway_c, co_window_2corner,
          co_window_of_opportunity_b, co_window_2corner, co_window_corner_ca,
          glass_columns_b
D:7:      nicolae_overflow_crystal_walls, serial_shops, shop_fountains
D:8:      marbit_many_paths, uniq_grum, uniq_erica
D:10:     grunt_lair_entry_orc_guard_hut, hangedman_stone_soup
D:11:     trove_entry_hex_spiral, nicolae_qazlal_general_emergency
D:12:     hiddenorc1_lemuel, uniq_nessos
D:13:     serial_shops, shop, fake_guardian_serpent_vault, uniq_frances
D:14:     david_vaults_2, nicolae_water_bricks
D:15:     grunt_enter_depths_hoard, minmay_misc_feat_square, basic_altar,
          uniq_roxanne, uniq_azrael
Temple:   regret_index_temple_generic_petals
Lair:1:   grunt_megastairs_5, infiniplex_staircase_pool, lemuel_fruit_tree,
          uniq_fannar
Lair:3:   spider_nest_entry_web_field
Lair:4:   elwin_shoals_entry_rocks, grunt_megastairs_4, serial_bayou_shore_a
Lair:5:   minmay_slime_entry_pillars, grunt_megastairs_1
Lair:6:   grunt_lair_end_beastmaster, pond
Orc:1:    mines1_david, uniq_urug
Orc:2:    st_orc_ogre_mass, serial_shops, shop, basic_altar, elf_legates,
          uniq_rupert, uniq_saint_roka
Abyss:3:  minivault_13, evilmike_abyss_rune_siren_acolytes,
          hangedman_summoners_spam
Sewer:    kennysheep_door_sewer

Skill      XL: |  1  2  3  4  5  6  7  8  9 10 11 12 13 14 15 |
---------------+----------------------------------------------+-----
Axes           | 3 4 5 7 8 9 11 13 15 16 | 16.7
Fighting       | 4 5 6 7 8 9 10 13 14 15 17 18 | 18.1
Armour         | 4 6 7 9 10 11 | 11.4
Polearms       | 5 10 13 | 13.6
Invocations    | 4 8 9 |  9.0
Shields        | |  3.2

Action                   |  1- 3 |  4- 6 |  7- 9 | 10-12 | 13-15 || total
-------------------------+-------+-------+-------+-------+-------++-------
Melee: War axe           |    96 |   117 |   421 |   331 |       ||   965
       Battleaxe         |       |       |       |   161 |       ||   161
       Halberd           |       |       |       |   165 |   930 ||  1095
       Flail             |       |       |       |    13 |       ||    13
Throw: Tomahawk          |       |       |       |     4 |     8 ||    12
Invok: Major Destruction |       |       |       |     1 |       ||     1
       Lesser Servant of |       |       |       |       |     7 ||     7
Evoke: Wand              |       |       |     4 |     6 |     4 ||    14
  Use: Potion            |     1 |     1 |     3 |     5 |     1 ||    11
       Scroll            |       |     6 |     9 |     6 |     5 ||    26
 Stab: Paralysed         |       |     1 |       |       |       ||     1
  Eat: Chunk             |       |     4 |    12 |    19 |    19 ||    54
       Ration            |       |       |     2 |     3 |     5 ||    10
Armor: Scale mail        |    72 |    71 |    26 |       |       ||   169
       Chain mail        |       |       |   194 |    38 |       ||   232
       Plate armour      |       |       |       |   303 |   679 ||   982
Dodge: Dodged            |    44 |    63 |   159 |   286 |   370 ||   922
Block: Shield            |    36 |       |       |       |       ||    36

Table legend:
 A = Spawn XP
 B = Non-spawn XP
 C = Spawn XP percentage of total XP
 D = Spawn monster count
 E = Non-spawn monster count
 F = Spawn count percentage of total count
 G = Total turns spent on level
                    A         B        C        D         E        F      G
               +---------+---------+-------+---------+---------+-------+---------
         Total |   12745 |   96519 |  11.7 |      31 |     614 |   4.8 | 27386
               +---------+---------+-------+---------+---------+-------+---------
           D:1 |       0 |      63 |   0.0 |       0 |      32 |   0.0 |   668
           D:2 |       0 |     129 |   0.0 |       0 |      34 |   0.0 |   790
           D:3 |       0 |     627 |   0.0 |       0 |      24 |   0.0 |  1107
           D:4 |       0 |     358 |   0.0 |       0 |      21 |   0.0 |   930
           D:5 |       0 |     426 |   0.0 |       0 |      16 |   0.0 |  1007
           D:6 |       0 |    1021 |   0.0 |       0 |      21 |   0.0 |  1412
           D:7 |       0 |    2205 |   0.0 |       0 |      32 |   0.0 |  1943
           D:8 |       0 |    2136 |   0.0 |       0 |      22 |   0.0 |  1529
           D:9 |       0 |    1767 |   0.0 |       0 |      28 |   0.0 |   963
          D:10 |       0 |    2338 |   0.0 |       0 |      29 |   0.0 |  1177
          D:11 |       0 |    5270 |   0.0 |       0 |      30 |   0.0 |   940
          D:12 |       0 |   11706 |   0.0 |       0 |      79 |   0.0 |  1748
          D:13 |       0 |    5605 |   0.0 |       0 |      17 |   0.0 |   919
          D:14 |       0 |    7558 |   0.0 |       0 |      26 |   0.0 |  1233
          D:15 |       0 |    3178 |   0.0 |       0 |      10 |   0.0 |    78
        Lair:1 |       0 |    5146 |   0.0 |       0 |      20 |   0.0 |  2138
        Lair:2 |       0 |    6960 |   0.0 |       0 |      21 |   0.0 |  1729
        Lair:3 |       0 |    4139 |   0.0 |       0 |      20 |   0.0 |   743
        Lair:4 |       0 |    4885 |   0.0 |       0 |      20 |   0.0 |  1359
        Lair:5 |       0 |    8963 |   0.0 |       0 |      31 |   0.0 |  1231
        Lair:6 |       0 |   19367 |   0.0 |       0 |      54 |   0.0 |  2474
         Orc:1 |       0 |    1710 |   0.0 |       0 |      11 |   0.0 |   304
         Orc:2 |       0 |     816 |   0.0 |       0 |      10 |   0.0 |    80
       Abyss:3 |   12745 |       0 | 100.0 |      31 |       0 | 100.0 |   463
         Sewer |       0 |     146 |   0.0 |       0 |       6 |   0.0 |   186
               +---------+---------+-------+---------+---------+-------+---------
